 Dungeon Crawl Stone Soup version 0.30.0-13-g156ef70053 (webtiles) character file.

Game seed: 5139756473064225132

4 domi the Chopper (level 1, -2/19 HPs)
             Began as a Hill Orc Monk on May 17, 2023.
             Slain by a gnoll
             ... wielding a +0 flail
              (12 damage)
             ... on level 1 of the Dungeon.
             The game lasted 00:00:18 (102 turns).

domi the Chopper (Hill Orc Monk)                     Turns: 102, Time: 00:00:19

Health: -2/19      AC:  2    Str: 13    XL:     1   Next: 60%
Magic:  1/1        EV: 12    Int: 10    God:
Gold:   37         SH:  0    Dex: 13    Spells: 0/0 levels left

rFire   . . .        a - +0 hand axe
rCold   . . .        d - orb {light}
rNeg    . . .        b - +0 robe
rPois   .            (no helmet)
rElec   .            (no cloak)
rCorr   .            (no gloves)
SInv    .            (no boots)
Will    .....        (no amulet)
Stlth   +            (no ring)
HPRegen 0.23/turn    (no ring)
MPRegen 0.07/turn

%: no passive effects
@: confused, ambrosia-drunk, glowing
A: no striking features
a: no special abilities


You were on level 1 of the Dungeon.
You visited 1 branch of the dungeon, and saw 1 of its levels.

You collected 37 gold pieces.

Inventory:

Hand Weapons
 a - a +0 hand axe (weapon)
Armour
 b - a +0 robe (worn)
 d - an orb of light (worn)


   Skills:
 - Level 3.6 Fighting
 * Level 4.4 Axes
 - Level 2.4 Dodging


You couldn't memorise any spells.
You didn't know any spells.
Your spell library was empty.

Dungeon Overview and Level Annotations

Branches:
Dungeon (1/15)

Altars:


Message History

Options error: Unknown explore stop condition 'greedy_sacrificeable' (~/.crawlrc:1041) Welcome, domi the Hill Orc Monk.
It's a long way down to the Orb of Zot, but that shouldn't be any trouble.
Found a staircase leading out of the dungeon.
Lua error: attempt to yield across metamethod/C-call boundary Setting a skill training target for Axes at 14.0.
A hobgoblin comes into view.
The hobgoblin hits you.
You hit the hobgoblin. The hobgoblin completely misses you.
You hit the hobgoblin but do no damage. The hobgoblin hits you.
A hobgoblin is nearby!
You barely miss the hobgoblin. The hobgoblin barely misses you.
A hobgoblin is nearby!
You barely miss the hobgoblin. The hobgoblin hits you.
A hobgoblin is nearby!
You are too injured to fight recklessly!
A hobgoblin is nearby!
You are too injured to fight recklessly!
A hobgoblin is nearby!
You are too injured to fight recklessly!
A hobgoblin is nearby!
You are too injured to fight recklessly!
You hit the hobgoblin.
You kill the hobgoblin!
You now have 12 gold pieces.
You now have 23 gold pieces (gained 11).
Found an escape hatch in the floor.
You now have 37 gold pieces (gained 14).
There is an escape hatch in the floor here.
A dart slug comes into view.
The dart slug launches a dart at you.
The slug dart hits you but does no damage.
A dart slug is nearby!
A dart slug is nearby!
The dart slug launches a dart at you.
The slug dart hits you but does no damage.
Found a stone staircase leading down.
The dart slug barely misses you.
You hit the dart slug.
The dart slug bites you but does no damage.
You hit the dart slug but do no damage.
The dart slug bites you but does no damage.
You hit the dart slug. You hit the dart slug but do no damage.
The dart slug barely misses you.
A dart slug is nearby!
You hit the dart slug. The dart slug barely misses you.
A dart slug is nearby!
A dart slug is nearby!
You hit the dart slug but do no damage.
The dart slug bites you but does no damage.
A dart slug is nearby!
You hit the dart slug.
You kill the dart slug!
A gnoll comes into view. It is wielding a +0 flail.
The gnoll shouts!
A gnoll is nearby!
A gnoll is nearby!
You hit the gnoll. The gnoll barely misses you.
A gnoll is nearby!
You barely miss the gnoll. The gnoll misses you.
A gnoll is nearby!
You hit the gnoll but do no damage. The gnoll barely misses you.
A gnoll is nearby!
You hit the gnoll but do no damage. The gnoll hits you with a +0 flail!
You hit the gnoll but do no damage. The gnoll hits you with a +0 flail!
Ouch! That really hurt!
* * * LOW HITPOINT WARNING * * *
Really quaff
c - a potion of ambrosia {!q}?
You are confused.
You feel invigorated. The gnoll completely misses you.
You hit the gnoll. The gnoll hits you with a +0 flail!
Ouch! That really hurt!
You die...

#.# ... #.# #..# #.#
#..# #.# #..# #.# #..#
#.# #..# #.######..#
#####.......>.####.#.#
.............#..@g......
##########...###........
##.## #.###.... #.# #.#
... #.####.### .
#.##.....# #.##.....#
#>##.....####.##
#.##............


You could see a gnoll.

Vanquished Creatures
  A dart slug (D:1)
  A hobgoblin (D:1)
2 creatures vanquished.

Notes
Turn   | Place    | Note
-------+----------+-------------------------------------------
     0 | D:1      | domi the Hill Orc Monk began the quest for the Orb.
     0 | D:1      | Reached XP level 1. HP: 19/19 MP: 1/1
   100 | D:1      | HP: 2/19 [gnoll/+0 flail (10)]
   102 | D:1      | Slain by a gnoll

Illustrated notes

Levels and vault maps discovered:
D:1:      lemuel_arrival_room, layout_loops_ring

Action                     || total
---------------------------++-------
  Melee: Hand axe          ||    18
    Use: Potion            ||     1
 Armour: Robe              ||     5
  Dodge: Dodged            ||     9

Levels and vault maps discovered:
D:1:      lemuel_arrival_room, layout_loops_ring

Table legend: (Time is in decaauts)
 A = Elapsed time spent in this place.
 B = Non-inter-level travel time spent in this place.
 C = Inter-level travel time spent in this place.
 D = Time resting spent in this place.
 E = Time spent auto-exploring this place.
 F = Levels seen in this place.
 G = Mean time per level.
                   A        B        C        D        E       F      G
               +--------+--------+--------+--------+--------+-----+--------+
         Total |    103 |    103 |      0 |      0 |     73 |   1 |  103.0 |
       Dungeon |    103 |    103 |      0 |      0 |     73 |   1 |  103.0 |
               +--------+--------+--------+--------+--------+-----+--------+

Top non-repeatable levels by time:
     D:1: 103 daAuts

Table legend:
 A = Kills in this place as a percentage of kills in the entire game.
 B = Kills by you in this place as a percentage of kills by you in the entire game.
 C = Kills by friends in this place as a percentage of kills by friends in the entire game.
 D = Other kills in this place as a percentage of other kills in the entire game.
 E = Experience gained in this place as a percentage of experience gained in the entire game.
 F = Experience gained in this place divided by the number of levels of this place that you have seen.
                   A       B       C       D       E      F
               +-------+-------+-------+-------+-------+----------------------
         Total | 100.0 | 100.0 |   N/A |   N/A | 100.0 |   6.0
       Dungeon | 100.0 | 100.0 |   N/A |   N/A | 100.0 |   6.0
               +-------+-------+-------+-------+-------+----------------------
